 Dungeon Crawl Stone Soup version 0.30-a0-4-ga7cffc901d (webtiles) character file.

Game seed: 1107362848352468560

389 Zonian the Sneak (level 6, -1/28 HPs)
             Began as a Spriggan Earth Elementalist on Aug 20, 2022.
             Was a Believer of Okawaru.
             Slain by Edmund
             ... wielding a +0 flail of protection
              (4 damage)
             ... on level 4 of the Dungeon.
             The game lasted 00:05:14 (4426 turns).

Zonian the Sneak (Spriggan Earth Elementalist)      Turns: 4426, Time: 00:05:14

Health: -1/28      AC:  6    Str:  4    XL:     6   Next: 50%
Magic:  8/13       EV: 19    Int: 25    God:    Okawaru [**....]
Gold:   160        SH:  0    Dex: 15    Spells: 12/13 levels left

rFire   . . .      SeeInvis +    r - +0 hand axe (elec)
rCold   . . .      Faith    .    (no shield)
rNeg    . . .      Spirit   .    a - +0 robe
rPois   .          Reflect  .    (helmet restricted)
rElec   .          Harm     .    (no cloak)
rCorr   .          Rampage  .    (gloves unavailable)
Will    +....                    (boots unavailable)
Stlth   +++.......               (no amulet)
HPRegen 0.09/turn                f - +4 ring of protection
MPRegen 0.13/turn                o - +6 ring of intelligence

@: very quick
A: very small, no large weapons, unfitting armour, see invisible, speed 3
a: Renounce Religion, Heroism


You were on level 4 of the Dungeon.
You worshipped Okawaru.
Okawaru was pleased with you.
You visited 1 branch of the dungeon, and saw 4 of its levels.

You collected 160 gold pieces.

Inventory:

Hand Weapons
 r - a +0 hand axe of electrocution (weapon)
Missiles
 j - 2 poisoned darts
Armour
 a - a +0 robe (worn)
Jewellery
 f - a +4 ring of protection (left hand)
 o - a +6 ring of intelligence (right hand)
Scrolls
 d - a scroll of butterflies {unknown}
 e - a scroll of noise {unknown}
 g - a scroll of summoning {unknown}
 k - a scroll of identify {unknown}
 n - a scroll of magic mapping {unknown}
 p - a scroll of silence {unknown}
Potions
 b - a potion of magic
 c - a potion of degeneration {unknown}
 h - a potion of attraction {unknown}
 i - a potion of mutation {unknown}
 l - a potion of lignification {unknown}
 m - 2 potions of heal wounds {unknown}
 q - 2 potions of curing {unknown}


   Skills:
 + Level 4.7 Dodging
 + Level 5.5 Stealth
 + Level 4.4 Spellcasting
 + Level 4.0 Transmutations
 + Level 3.8 Earth Magic


You had 12 spell levels left.
You knew the following spells:

 Your Spells              Type           Power      Damage    Failure   Level
a - Sandblast             Erth           48%        2d12      1%          1

Your spell library contained the following spells:

 Spells                   Type           Power      Damage    Failure   Level
 Passwall                 Tmut/Erth      20%        N/A       2%          2
 Stone Arrow              Conj/Erth      30%        3d8       12%         3
 Petrify                  Tmut/Erth      25%        N/A       17%         4


Dungeon Overview and Level Annotations

Branches:
Dungeon (4/15)
 Temple: D:4-7

Altars:
Okawaru

Annotations:
D:2 1 runed translucent door, Crazy Yiuf
D:4 Edmund


Innate Abilities, Weirdness & Mutations

You are very small and have problems with some larger weapons.
You are too small for most types of armour.
You have supernaturally acute eyesight. (SInv)
You cover ground extremely quickly. (Speed+++)


Message History

Edmund is almost dead.
Edmund misses you. x2
You hit Edmund but do no damage.
Edmund is almost dead.
Edmund misses you.
Unknown command.
You hit Edmund but do no damage.
Edmund is almost dead.
Edmund hits you with a +0 flail of protection.
You hit Edmund but do no damage.
Edmund is almost dead.
Edmund hits you with a +0 flail of protection!
* * * LOW HITPOINT WARNING * * *
Unknown command.
Casting: Sandblast (safe; 1% risk of failure)
Confirm with . or Enter, or press ? or * to list all spells.
Aiming: Sandblast (safe; 1% risk of failure)
Press: ? - help, Shift-Dir - straight line, f - Edmund
Aim: Edmund, wielding a +0 flail of protection and wearing a +0 chain mail (almost dead, 87% to hit)
The blast of sand hits Edmund but does no damage.
Edmund is almost dead.
Edmund hits you but does no damage. Edmund closely misses you.
Casting: Sandblast (safe; 1% risk of failure)
Confirm with . or Enter, or press ? or * to list all spells.
Aiming: Sandblast (safe; 1% risk of failure)
Press: ? - help, Shift-Dir - straight line, f/p - Edmund
Aim: Edmund, wielding a +0 flail of protection and wearing a +0 chain mail (almost dead, 87% to hit)
The blast of sand hits Edmund but does no damage.
Edmund is almost dead.
Edmund hits you but does no damage.
Casting: Sandblast (safe; 1% risk of failure)
Confirm with . or Enter, or press ? or * to list all spells.
Aiming: Sandblast (safe; 1% risk of failure)
Press: ? - help, Shift-Dir - straight line, f/p - Edmund
Aim: Edmund, wielding a +0 flail of protection and wearing a +0 chain mail (almost dead, 87% to hit)
The blast of sand hits Edmund but does no damage.
Edmund is almost dead.
Edmund misses you.
Edmund hits you with a +0 flail of protection.
You die...

###### ##
#..... ..
#.....##.
#.......
#....†@#
#.....@#
#...>..#
#.......
#...^.##.
#..... .#
#..... #
######


You could see Edmund.

Vanquished Creatures
  A scorpion (D:4)
  Jessica (D:3)
  An iguana (D:4)
  Natasha (twice) (D:3)
  Terence (D:3)
  2 orc wizards (D:3)
  Robin (D:2)
  3 gnolls (D:3)
  2 adders (D:2)
  4 dart slugs
  5 orcs (D:3)
  2 ball pythons
  8 endoplasms
  4 giant cockroaches
  7 hobgoblins
  7 jackals
  A kobold (D:1)
  3 quokkas
  7 bats
  4 frilled lizards
  10 goblins
  4 rats
80 creatures vanquished.

Vanquished Creatures (others)
  5 plants (D:2)
5 creatures vanquished.

Grand Total: 85 creatures vanquished

Notes
Turn   | Place    | Note
-------+----------+-------------------------------------------
     0 | D:1      | Zonian the Spriggan Earth Elementalist began the quest for
                  | the Orb.
     0 | D:1      | Reached XP level 1. HP: 9/9 MP: 5/5
   338 | D:1      | Reached XP level 2. HP: 13/13 MP: 3/6
   899 | D:1      | Reached XP level 3. HP: 16/16 MP: 5/8
  1180 | D:1      | Found a faded altar of an unknown god.
  1300 | D:1      | Prayed at the altar of an unknown god.
  1300 | D:1      | Became a worshipper of Warmaster Okawaru
  1300 | D:1      | Reached * piety under Okawaru
  1960 | D:2      | Noticed Robin
  2033 | D:2      | Reached skill level 4 in Stealth
  2066 | D:2      | Killed Robin
  2067 | D:2      | Reached XP level 4. HP: 21/21 MP: 6/10
  2829 | D:2      | Identified the +5 plate armour of Fufim {+Blink rPois Str-3
                  | Int+4}
  2879 | D:2      | Found a runed translucent door.
  2880 | D:2      | Noticed Crazy Yiuf
  3478 | D:3      | Reached XP level 5. HP: 19/24 MP: 8/11
  3930 | D:3      | Noticed Terence
  3938 | D:3      | Killed Terence
  3939 | D:3      | Reached skill level 5 in Stealth
  4022 | D:3      | Noticed Jessica
  4026 | D:3      | Killed Jessica
  4116 | D:3      | Noticed Natasha
  4122 | D:3      | Killed Natasha
  4123 | D:3      | Reached XP level 6. HP: 19/28 MP: 8/13
  4369 | D:3      | Noticed Natasha
  4373 | D:3      | Killed Natasha
  4403 | D:4      | Noticed Edmund
  4406 | D:4      | Reached ** piety under Okawaru
  4426 | D:4      | Slain by Edmund

Illustrated notes

Levels and vault maps discovered:
D:1:      dpeg_arrival_windows_large_door, layout_loops_corners,
          shapermc_ecumenical_altar_pompeii
D:2:      layout_loops_ring, grunt_ministairs_2, minivault_26,
          serial_bayou_lake_a, uniq_robin, uniq_crazy_yiuf_cottage
D:3:      layout_loops_cross, uniq_natasha, uniq_terence, uniq_jessica
D:4:      layout_rooms, lemuel_tele_altar, grunt_qazlal_sundering,
          minmay_temple_entry_butterflies, gammafunk_ghost_smash, uniq_edmund

Skill      XL: |  1  2  3  4  5  6 |
---------------+-------------------+-----
Dodging        | 3 4 |  4.7
Spellcasting   | 3 4 |  4.4
Transmutations | 2 3 4 |  4.0
Earth Magic    | 3 |  3.8
Stealth        | 4 5 |  5.5

Action                   |  1- 3 |  4- 6 || total
-------------------------+-------+-------++-------
Melee: Unarmed           |    16 |       ||    16
       Hand axe          |       |    16 ||    16
 Cast: Sandblast         |    56 |    72 ||   128
Invok: Heroism           |       |     1 ||     1
  Use: Scroll            |       |     1 ||     1
Armor: Robe              |    10 |     8 ||    18
Dodge: Dodged            |    34 |    52 ||    86

Table legend: (Time is in decaauts)
 A = Elapsed time spent in this place.
 B = Non-inter-level travel time spent in this place.
 C = Inter-level travel time spent in this place.
 D = Time resting spent in this place.
 E = Time spent auto-exploring this place.
 F = Levels seen in this place.
 G = Mean time per level.
                   A        B        C        D        E       F      G
               +--------+--------+--------+--------+--------+-----+--------+
         Total |   3663 |   3572 |     91 |   1204 |   1862 |   4 |  915.8 |
       Dungeon |   3663 |   3572 |     91 |   1204 |   1862 |   4 |  915.8 |
               +--------+--------+--------+--------+--------+-----+--------+

Top non-repeatable levels by time:
     D:2: 1541 daAuts
     D:1: 1315 daAuts
     D:3: 778 daAuts
     D:4: 27 daAuts
